 Dungeon Crawl Stone Soup version 0.17-a0-119-g2b06fc5 (webtiles) character file.

66 Pikaro the Grave Robber (level 4, -3/33 HPs)
             Began as a Ghoul Necromancer on Mar 21, 2015.
             Shot with an arrow by a centaur (8 damage)
             ... on level 3 of the Dungeon.
             The game lasted 00:03:19 (2553 turns).

Pikaro the Grave Robber (Ghoul Necromancer)         Turns: 2553, Time: 00:03:20

Health: -3/33      AC:  3    Str: 11    XL:     4   Next: 15%
Magic:  14/14      EV: 12    Int: 11    God:
Gold:   143        SH:  0    Dex:  9    Spells: 2 memorised, 2 levels left

rFire  + . .     SeeInvis .     (no weapon)
rCold  + . .     Clarity  .     a - +0 robe
rNeg   + + +     SustAb   .     (no shield)
rPois  ∞         Gourm    .     (no helmet)
rElec  .         Spirit   .     l - +0 cloak
rCorr  .         Warding  .     (no gloves)
rMut   .         Stasis   .     (no boots)
MR     .....                    (no amulet)
Stlth  +.........               o - ring of protection from fire {rF+, !d}
                                g - ring of magical power {MP+9}

@: confused, rotting, not resistant to hostile enchantments, very unstealthy
A: rotting body, claws 1, carnivore 3, cold resistance 1, negative energy
resistance 3, poison resistance, slow healing 1, torment resistance, unbreathing
a: no special abilities


You were on level 3 of the Dungeon.
You were not hungry.

You visited 1 branch of the dungeon, and saw 3 of its levels.

You collected 143 gold pieces.

Inventory:

Armour
 a - a +0 robe (worn)
 l - a +0 cloak (worn)
   (You found it on level 2 of the Dungeon)
Jewellery
 g - a ring of magical power (left claw) {MP+9}
   (You found it on level 1 of the Dungeon)
 o - a ring of protection from fire (right claw) {rF+, !d}
   (You found it on level 2 of the Dungeon)
Scrolls
 c - 2 scrolls of remove curse
 e - a scroll of fear
 h - a scroll of amnesia
 i - a scroll of recharging {unknown}
 j - a scroll of teleportation {unknown}
Potions
 f - 2 potions of heal wounds {unknown}
 n - a potion of cure mutation {unknown}
Books
 b - a book of Necromancy
Comestibles
 d - a slice of pizza


   Skills:
 - Level 1.7 Dodging
 - Level 2.1 Stealth
 - Level 1.7 Spellcasting
 + Level 5.6 Necromancy


You had 2 spell levels left.
You knew the following spells:

 Your Spells              Type           Power        Failure   Level  Hunger
A - Pain                  Necr           ##..         2%          1    ##.....
B - Vampiric Draining     Necr           ##........   10%         3    ####...


Dungeon Overview and Level Annotations

Branches:
Dungeon (3/15)

Altars:
Cheibriados
Elyvilon
Makhleb
Okawaru
Xom
The Shining One


Innate Abilities, Weirdness & Mutations

Your body is rotting away.
You thrive on raw meat.
You have sharp fingernails.
You are carnivorous and can eat meat at any time.
Your flesh is cold resistant.
You are immune to negative energy.
Your system is resistant to poisons.
You heal slowly when monsters are visible.
You are immune to unholy pain and torment.
You can survive without breathing.


Message History

You see here a kobold corpse.
You see here a ring mail.
Done exploring.
Read which item? (? for menu, Esc to quit)
As you read the scroll labeled GEHAWE MIAFIOMP, it crumbles to dust.
You assume a fearsome visage.
Nothing appears to happen.
It was a scroll of fear.
Read which item? (? for menu, Esc to quit)
As you read the scroll labeled CLOBIXZU WATAMOTYNN, it crumbles to dust.
The scroll dissolves into smoke.
It was a scroll of fog.
Read which item? (? for menu, Esc to quit)
As you read the scroll labeled SMIGAOL AKHLUE, it crumbles to dust.
It is a scroll of identify.
Identify which item? (\ to view known items) (? for menu, Esc to quit)
k - a potion of ambrosia
(D) Dungeon
Where to? (Enter - D:2, ? - help)
There is a fountain of clear blue water here.
There is a glowing golden altar of the Shining One here.
You see here a stone.
There is a stone staircase leading down here.
You climb downwards.
A goblin comes into view.
There is a stone staircase leading up here.
The goblin shouts!
The goblin barely misses you.
You closely miss the goblin. The goblin hits you.
You take 1 damage, and have 32/33 hp.
You barely miss the goblin. The goblin barely misses you.
You scratch the goblin.
You kill the goblin!
No target in view!
No target in view!
You start resting.
Health restored: 33; Total turns waited: 8 A giant newt comes into view.
You miss the giant newt.
The giant newt bites you but does no damage.
You miss the giant newt. The giant newt bites you.
You take 2 damage, and have 31/33 hp.
You closely miss the giant newt. The giant newt barely misses you.
You closely miss the giant newt. The giant newt closely misses you.
You barely miss the giant newt. The giant newt bites you.
You take 2 damage, and have 29/33 hp.
You scratch the giant newt!
You kill the giant newt!
No target in view!
You start resting.
Health restored: 33; Total turns waited: 34
j - a scroll labeled SMUANI SMAETA A goblin comes into view.
The goblin shouts!
You closely miss the goblin. The goblin closely misses you.
You scratch the goblin.
You kill the goblin!
No target in view!
No target in view!
You now have 143 gold pieces (gained 2).
A quokka and a centaur come into view.
The centaur shouts!
The centaur wields a shortbow.
The centaur shoots an arrow.
The arrow misses you.
The quokka moves out of view.
You see here an arrow.
The centaur shoots an arrow.
The arrow hits you.
You see here an arrow.
You take 2 damage, and have 31/33 hp.
The centaur shoots an arrow.
The arrow hits you! The quokka completely misses you.
The centaur shoots an arrow.
The arrow barely misses you.
The quokka bites you but does no damage.
You see here 2 arrows.
You take 14 damage, and have 17/33 hp.
MASSIVE DAMAGE!!
The centaur shoots an arrow.
The arrow closely misses you.
You see here 2 arrows.
You completely miss the quokka.
The centaur shoots an arrow.
The arrow hits you! The quokka bites you.
* * * LOW HITPOINT WARNING * * *
You take 10 damage, and have 7/33 hp.
MASSIVE DAMAGE!!
An adder comes into view.
The quokka closely misses you.
You scratch the quokka!
You kill the quokka!
Drink which item? (? for menu, Esc to quit)
Really quaff
k - a potion of ambrosia {!q}?
You are confused.
You feel invigorated.
The centaur unwields an uncursed shortbow.
The centaur hits you. The adder bites you.
* * * LOW HITPOINT WARNING * * *
The centaur hits you but does no damage.
You take 1 damage, and have 6/33 hp.
You closely miss the centaur. The adder bites you but does no damage.
The centaur hits you!
* * * LOW HITPOINT WARNING * * *
You take 4 damage, and have 2/33 hp.
The centaur wields an uncursed shortbow.
The centaur shoots an arrow.
The arrow hits you!
You die...

.. ......... .
.#c....###
###.#.#........
...#.#.....####
#####..#..........
...[....((.>......
#####S##(.#.#####.
#.....#(..# #
#...@.c..##
....########.####
#.............#
#.########..#.#
#...########....#
# #.............#
.. #.#####.......#
#... #.###
#.###...# #...
#.#.###.#?#...#


You could see a centaur and an adder.

Vanquished Creatures
  2 adders (D:2)
  A giant mite (D:1)
  A giant gecko (D:1)
  6 bats
  A giant cockroach (D:1)
  6 goblins
  3 hobgoblins (D:1)
  3 jackals (D:2)
  3 quokkas
  2 giant newts
  4 kobolds
  5 rats
37 creatures vanquished.

Notes
Turn   | Place    | Note
--------------------------------------------------------------
     0 | D:1      | Pikaro, the Ghoul Necromancer, began the quest for the Orb.
     0 | D:1      | Reached XP level 1. HP: 14/14 MP: 2/2
   237 | D:1      | Reached XP level 2. HP: 17/19 MP: 3/3
   275 | D:1      | HP: 5/20 [hobgoblin/club (4)]
   277 | D:1      | HP: 2/20 [giant newt (2)]
   709 | D:1      | HP: 5/20 [giant cockroach (1)]
  1161 | D:1      | Reached XP level 3. HP: 13/26 MP: 5/5
  1633 | D:1      | Learned a level 3 spell: Vampiric Draining
  1663 | D:2      | Reached skill level 5 in Necromancy
  1880 | D:2      | Found a snail-covered altar of Cheibriados.
  1882 | D:2      | Found a shimmering altar of Xom.
  1884 | D:2      | Found an iron altar of Okawaru.
  1884 | D:2      | Found a white marble altar of Elyvilon.
  1885 | D:2      | Found a glowing golden altar of the Shining One.
  2171 | D:2      | Reached XP level 4. HP: 32/32 MP: 5/5
  2311 | D:2      | Found a burning altar of Makhleb.
  2540 | D:3      | Noticed a centaur
  2545 | D:3      | HP: 7/33 [quokka (3)]
  2551 | D:3      | HP: 6/33 [adder (4)]
  2552 | D:3      | HP: 2/33 [centaur (8)]
  2553 | D:3      | Shot with an arrow by a centaur

Action                   |  1- 3 |  4- 6 || total
-------------------------+-------+-------++-------
Melee: Unarmed           |   114 |    21 ||   135
  Use: Scroll            |     2 |     3 ||     5
       Potion            |       |     1 ||     1
 Stab: Sleeping          |     4 |     1 ||     5
  Eat: Chunk             |     5 |     1 ||     6

Vault maps used:
D:1:      onia_arrival_mini_maze, hex_tiny, st_stairs_5, minivault_4
D:2:      grunt_temple_overflow_open, nicolae_overflow_hidden_temple
D:3:      lemuel_doored_altar, item_on_display_a, uniq_terence

Table legend:
 A = Turns spent in this place as a percentage of turns spent in the entire game.
 B = Non-inter-level travel turns spent in this place as a percentage of non-inter-level travel turns spent in the entire game.
 C = Inter-level travel turns spent in this place as a percentage of turns spent in this place.
 D = Turns resting spent in this place as a percentage of non-inter-level travel turns spent in this place.
 E = Turns spent auto-exploring this place as a percentage of non-inter-level travel turns spent in this place.
 F = Non-inter-level travel turns spent in this place divided by the number of levels of this place that you've seen.
                   A       B       C       D       E      F
               +-------+-------+-------+-------+-------+----------------------
         Total | 100.0 | 100.0 |   0.5 |   8.9 |  12.7 | 142.0
       Dungeon | 100.0 | 100.0 |   0.5 |   8.9 |  12.7 | 142.0
               +-------+-------+-------+-------+-------+----------------------

Table legend:
 A = Kills in this place as a percentage of kills in entire the game.
 B = Kills by you in this place as a percentage of kills by you in the entire game.
 C = Kills by friends in this place as a percentage of kills by friends in the entire game.
 D = Other kills in this place as a percentage of other kills in the entire game.
 E = Experience gained in this place as a percentage of experience gained in the entire game.
 F = Experience gained in this place divided by the number of levels of this place that you have seen.
                   A       B       C       D       E      F
               +-------+-------+-------+-------+-------+----------------------
         Total | 100.0 | 100.0 |  -nan |  -nan | 100.0 |  31.7
       Dungeon | 100.0 | 100.0 |  -nan |  -nan | 100.0 |  31.7
               +-------+-------+-------+-------+-------+----------------------
